AoeStats
← BuLLet

Nomad

509413169Analyzed
4v4 RM · 5d ago on Sep 26, 2026· 41m 0s· 8 players
Game mode
Random Map
Map size
231×231
Population
200
Speed
Normal
Resources
Standard
Victory
Conquest
Starting age
Dark Age
Ending age
Imperial Age
RankedLock teamsTeams togetherTeam positionsShared explorationLock speedFull tech treeHidden civsTurbo modeCheats
Victory
Defeat
🇧🇷 Magyars · Brazil
1110
+14
🇮🇳 Persians · India
1071
+16
🇮🇳 Varangians · India
1033
+17
🇮🇳 Ethiopians · India
1006
+20
🇺🇸 Japanese · United States
1094
-18
🇩🇰 Italians · Denmark
1080
-17
🇨🇦 Japanese · Canada
1052
-16
🇲🇽 Spanish · Mexico
1044
-16
Raven2200
5:31 Loom
14:12 Feudal Age
16:05 Double-Bit Axe
19:56 Castle Age
22:57 Demolition Ship
23:54 Medium Warships
24:42 Fletching
25:07 Bow Saw
25:38 Padded Archer Armor
27:43 Bodkin Arrow
31:36 Leather Archer Armor
31:46 Ballistics
37:09 Wheelbarrow
marcobecerrap
5:11 Loom
14:34 Feudal Age
15:42 Double-Bit Axe
18:15 Wheelbarrow
23:47 Castle Age
22:50 Stone Mining
22:43 Horse Collar
24:58 Bow Saw
27:37 Hand Cart
29:03 Town Watch
31:43 Elite Skirmisher
scott.hurstell
8:19 Loom
19:49 Feudal Age
20:15 Double-Bit Axe
20:21 Gold Mining
23:40 Forging
23:31 Scale Mail Armor
26:51 Castle Age
26:27 Stone Mining
33:43 Horse Collar
37:46 Wheelbarrow
41:48 Imperial Age
thegladiator989
8:28 Loom
16:02 Feudal Age
18:15 Wheelbarrow
17:56 Fishing Lines
19:47 Double-Bit Axe
19:54 Gold Mining
19:55 Stone Mining
20:46 Horse Collar
23:28 Castle Age
22:18 Town Watch
24:23 Bow Saw
24:16 Heavy Plow
25:57 Clinker Construction
27:24 Careening
28:09 Hand Cart
29:32 Fletching
32:13 Bodkin Arrow
32:23 Murder Holes
32:57 Medium Warships
33:09 Masonry
32:22 Pikeman
32:48 Gambesons
35:06 Gillnets
36:32 Elite Skirmisher
EndLess
5:18 Loom
14:32 Feudal Age
18:43 Castle Age
18:04 Fletching
18:55 Double-Bit Axe
22:16 Bodkin Arrow
25:41 Horse Collar
29:01 Fishing Lines
33:27 Gillnets
40:47 Imperial Age
41:06 Forging
hugohugomoreira
14:47 Feudal Age
23:29 Castle Age
21:31 Horse Collar
26:06 Double-Bit Axe
31:17 Scale Barding Armor
32:39 Chain Barding Armor
35:33 Imperial Age
33:43 Wheelbarrow
33:00 Stone Mining
33:01 Gold Mining
33:21 Husbandry
33:31 Bloodlines
35:07 Bow Saw
36:47 Hand Cart
36:47 Bloodlines
36:33 Cavalier
38:41 Conscription
40:32 Plate Barding Armor
BuLLet
14:48 Feudal Age
15:37 Fishing Lines
17:43 Loom
22:16 Castle Age
20:04 Double-Bit Axe
21:18 Stone Mining
21:20 Gold Mining
22:32 Forging
23:02 Bow Saw
23:20 Gillnets
23:41 Medium Warships
25:15 Gold Shaft Mining
25:16 Stone Shaft Mining
26:04 Horse Collar
28:09 Heavy Plow
36:10 Imperial Age
34:46 Fletching
36:22 Scale Barding Armor
36:52 Iron Casting
36:13 Bodkin Arrow
37:20 Wheelbarrow
37:58 Chain Barding Armor
38:16 Elite War Elephant
39:59 Blast Furnace
41:17 Plate Barding Armor
41:06 Bloodlines
41:01 Husbandry
41:54 Heavy Warships
CARNAGE
5:16 Loom
15:12 Feudal Age
19:47 Castle Age
17:42 Double-Bit Axe
18:37 Horse Collar
18:53 Fletching
20:10 Padded Archer Armor
24:37 Heavy Plow
24:51 Bow Saw
27:25 Bodkin Arrow
29:01 Ballistics
30:56 Leather Archer Armor
30:45 Husbandry
31:55 Gold Mining
40:16 Imperial Age
37:17 Crossbowman
38:03 Thumb Ring
Connection lost

Rejoining the realm…

Still unreachable

The connection could not be restored.

Session expired

The server has moved on; the page needs a fresh start.